 Dungeon Crawl Stone Soup version 0.26.1-10-gdfb7c7de75 (webtiles) character file.

Game seed: 2912863885012903749

32554 peppo the Geomancer (level 13, -13/84 HPs)
             Began as a Gargoyle Earth Elementalist on Mar 31, 2021.
             Was an Elder of Vehumet.
             Mangled by a death yak (17 damage)
             ... on level 4 of the Lair of Beasts on Apr 2, 2021.
             The game lasted 03:53:06 (31103 turns).

peppo the Geomancer (Gargoyle Earth Elementalist)  Turns: 31103, Time: 03:53:07

Health: -13/84     AC: 20    Str: 13    XL:     13   Next: 65%
Magic:  35/35      EV: 12    Int: 20    God:    Vehumet [****..]
Gold:   954        SH:  5    Dex: 10    Spells: 1/30 levels left

rFire    . . .     SeeInvis +   M - +2 scimitar (freeze)
rCold    . . .     Faith    .   (no shield)
rNeg     + . .     Spirit   .   a - +3 ring mail {Will+}
rPois    ∞         Reflect  +   n - +2 hat
rElec    +         Harm     .   (no cloak)
rCorr    .         Rampage  .   (no gloves)
Will     +....                  (no boots)
Stlth    +.........             r - amulet of reflection
HPRegen  0.24/turn              x - ring of magical power
MPRegen  0.24/turn              t - ring of see invisible

@: slowed, very slow
A: negative energy resistance 1, electricity resistance, unbreathing,
petrification resistance, miasma immunity, AC +9
a: Renounce Religion


You were on level 4 of the Lair of Beasts.
You worshipped Vehumet.
Vehumet was greatly pleased with you.
You visited 4 branches of the dungeon, and saw 18 of its levels.

You collected 954 gold pieces.

Inventory:

Hand Weapons
 f - a +4 dagger of venom
 k - a +4 dire flail
 w - a +0 hunting sling
 A - a +1 dagger of holy wrath
 G - a +1 vampiric long sword
 J - a +5 vorpal hunting sling
 M - a +2 scimitar of freezing (weapon)
 O - a +0 spectral quarterstaff
 P - a +0 fustibalus
 S - the +2 long sword of Muicoaq {freeze, rElec rF+ Dex-2}
   (You found it on level 4 of the Lair of Beasts)

   It has been specially enchanted to freeze those struck by it, causing extra
   injury to most foes and up to half again as much damage against particularly
   susceptible opponents.
   It can also slow down cold-blooded creatures.
   It affects your dexterity (-2).
   It protects you from fire.
   It insulates you from electricity.
 T - a +2 vorpal flail
Missiles
 z - 117 sling bullets
Armour
 a - a +3 ring mail of willpower (worn)
 c - a +2 robe
 n - a +2 hat (worn)
 v - a +0 pair of boots
 Q - a +0 kite shield
Jewellery
 i - a +4 ring of evasion
 r - an amulet of reflection (around neck)
 t - a ring of see invisible (right hand)
 x - a ring of magical power (left hand)
 B - the ring "Ficeug" {rC+ Stlth-}
   (You found it on level 3 of the Lair of Beasts)

   [ring of attention]

   It protects you from cold.
   It makes you less stealthy.
 V - a +6 ring of strength
Wands
 o - a wand of disintegration (11)
 q - a wand of enslavement (17)
 I - a wand of flame (17)
 N - a wand of iceblast (4)
Scrolls
 C - 9 scrolls of remove curse
 F - 4 scrolls of enchant armour
 R - a scroll of enchant weapon
 U - 2 scrolls of identify
 Z - 2 scrolls of vulnerability
Potions
 b - a potion of mutation {unknown}
 e - 3 potions of cancellation
 g - 5 potions of lignification
 h - a potion of ambrosia {unknown}
 j - 4 potions of flight
 m - a potion of brilliance
 u - a potion of curing
 D - 2 potions of degeneration {unknown}
 E - a potion of heal wounds {unknown}
 K - a potion of magic
 L - a potion of berserk rage {unknown}


   Skills:
 + Level 11.0 Fighting
 - Level 0.2(2.3) Short Blades
 - Level 3.9 Long Blades
 - Level 1.4 Maces & Flails
 - Level 2.8 Slings
 - Level 3.1 Armour
 - Level 5.6 Dodging
 - Level 2.1 Stealth
 - Level 1.6 Shields
 - Level 9.4 Spellcasting
 - Level 9.4 Conjurations
 - Level 1.0 Hexes
 - Level 3.0 Necromancy
 - Level 4.4 Transmutations
 - Level 1.5 Air Magic
 - Level 12.6 Earth Magic
 - Level 2.1 Poison Magic
 + Level 2.1 Evocations


You had one spell level left.
You knew the following spells:

 Your Spells              Type           Power        Failure   Level
a - Sandblast             Erth           100%         1%          1
b - Stone Arrow           Conj/Erth      100%         1%          3
c - Lee's Rapid Deconstr  Erth           28%          1%          5
d - Passwall              Tmut/Erth      35%          1%          2
e - Petrify               Tmut/Erth      43%          4%          4
f - Magic Dart            Conj           100%         1%          1
g - Mephitic Cloud        Conj/Pois/Air  26%          2%          3
h - Fulminant Prism       Conj/Hex       15%          5%          4
i - Animate Skeleton      Necr           42%          4%          1
j - Lightning Bolt        Conj/Air       15%          12%         5

Your spell library contained the following spells:

 Spells                   Type           Power        Failure   Level
 Beastly Appendage        Tmut           54%          2%          1
 Pain                     Necr           84%          4%          1
 Wereblood                Tmut           27%          3%          2
 Spider Form              Tmut/Pois      11%          12%         3
 Vampiric Draining        Necr           10%          13%         3
 Animate Dead             Necr           10%          41%         4
 Ice Form                 Ice/Tmut       18%          52%         4
 Blade Hands              Tmut           13%          56%         5
 Agony                    Necr           21%          77%         5


Dungeon Overview and Level Annotations

Branches:
Dungeon (10/15)            Temple (1/1) D:6            Lair (6/6) D:10
 Spider (1/4) Lair:4        Slime (0/5) Lair:6          Orc (0/2) D:10
  Swamp: Lair:2-4    Shoals: Lair:2-4

Altars:
Ashenzari
Cheibriados
Dithmenos
Elyvilon
Fedhas
Gozag
Hepliaklqana
Kikubaaqudgha
Makhleb
Nemelex Xobeh
Okawaru
Qazlal
Ru
Sif Muna
Trog
Uskayaw
Vehumet
Wu Jian
Xom
Yredelemnul
Zin
The Shining One
Jiyva

Annotations:
D:6 Sigmund
Lair:1 exclusion: 2 oklob plants


Innate Abilities, Weirdness & Mutations

You are resistant to torment.
Your stone body is resilient. (AC +9)
You are immune to poison.
You resist negative energy. (rN+)
You are resistant to electric shocks. (rElec)
You can survive without breathing.
You are immune to petrification.
You are immune to miasma.


Message History

* * * LOW HITPOINT WARNING * * *
The death yak gores you but does no damage.
The death yak gores you!
* * * LOW HITPOINT WARNING * * *
The death yak gores you.
* * * LOW HITPOINT WARNING * * *
The death yak gores you but does no damage.
The death yak gores you but does no damage.
The torpor snail completely misses you. You block the death yak's attack.
The death yak barely misses you. The death yak gores you.
* * * LOW HITPOINT WARNING * * *
The death yak gores you!
* * * LOW HITPOINT WARNING * * *
The death yak gores you but does no damage.
The death yak barely misses you. The death yak barely misses you.
The death yak gores you!
You die...

##....................##
#.##...................##
##.......................###
#P.......................#.# ##
#PP.......................#
.####.......................####
..###.......................##.#
...##...........Yw...........#.#
................@..............##
................................#
...............................##
.................................
.................................
.................................
.................>...............
.................................
..##...#.#......#................


You could see a death yak and a torpor snail.

Vanquished Creatures
  3 hydras
  A two-headed ogre (D:9)
  3 death yaks
  Pikel (D:5)
  5 elephants
  3 black mambas
  Joseph (D:9)
  Maurice (D:8)
  A gargoyle (D:10)
  4 rime drakes
  9 cane toads
  A kobold demonologist (D:9)
  8 komodo dragons
  A polar bear (Lair:1)
  A jumping spider (Lair:4)
  4 blink frogs (Lair:2)
  4 redbacks (Lair:4)
  5 wyverns
  46 yaks
  2 basilisks (Lair:1)
  A warg (D:10)
  3 swamp worms (Lair:2)
  9 water moccasins
  9 orc warriors
  4 sky beasts
  2 black bears (Lair:5)
  2 ice beasts
  2 eyes of draining (D:9)
  2 necrophages
  4 ogres
  5 wolves (Lair:5)
  3 centaurs
  A lemure (D:6)
  Blork the orc (D:6)
  2 big kobolds
  21 bullfrogs
  A gnoll sergeant (D:9)
  A wyvern zombie (D:9)
  A water moccasin zombie (D:7)
  6 scorpions
  15 killer bees
  7 wights
  2 howler monkeys
  3 bullfrog zombies
  5 hounds
  9 orc priests
  10 orc wizards
  A centaur skeleton (D:8)
  2 jellies
  A bullfrog skeleton (D:5)
  5 worker ants
  An iguana (Lair:2)
  A hound zombie (D:7)
  A worker ant zombie (D:10)
  9 gnolls
  A howler monkey skeleton (D:9)
  17 adders
  A river rat (D:3)
  A shadow imp (D:4)
  A white imp (D:9)
  2 ufetubi
  An adder zombie (D:9)
  3 oozes
  An adder skeleton (D:8)
  4 worms
  4 dart slugs
  11 leopard geckos
  46 orcs
  7 giant cockroaches
  11 goblins
  7 hobgoblins
  14 jackals
  6 quokkas
  A ball python (D:2)
  3 bats (D:1)
  6 frilled lizards
  21 kobolds
  4 rats
  A fulminant prism (Lair:3)
430 creatures vanquished.

Vanquished Creatures (others)
  31 fulminant prisms
  54 fungi
  50 plants
135 creatures vanquished.

Grand Total: 565 creatures vanquished

Notes
Turn   | Place    | Note
-------+----------+-------------------------------------------
     0 | D:1      | peppo the Gargoyle Earth Elementalist began the quest for
                  | the Orb.
     0 | D:1      | Reached XP level 1. HP: 10/10 MP: 3/3
   192 | D:1      | Reached skill level 4 in Earth Magic
   242 | D:1      | Reached XP level 2. HP: 10/15 MP: 5/5
   636 | D:1      | Reached XP level 3. HP: 13/19 MP: 1/6
   725 | D:1      | Learned a level 3 spell: Stone Arrow
  1376 | D:2      | Found a basalt altar of Yredelemnul.
  1376 | D:2      | Found an iron altar of Okawaru.
  1376 | D:2      | Found a sparkling altar of Nemelex Xobeh.
  1377 | D:2      | Found a shadowy altar of Dithmenos.
  1378 | D:2      | Found an opulent altar of Gozag.
  1428 | D:2      | Found an ancient bone altar of Kikubaaqudgha.
  1429 | D:2      | Found a shimmering altar of Xom.
  1954 | D:2      | Reached skill level 1 in Conjurations
  1954 | D:2      | Reached XP level 4. HP: 24/24 MP: 6/8
  3490 | D:3      | Found a white marble altar of Elyvilon.
  3563 | D:3      | Reached XP level 5. HP: 26/28 MP: 9/9
  3962 | D:3      | Learned a level 5 spell: Lee's Rapid Deconstruction
  4026 | D:4      | Reached skill level 5 in Earth Magic
  4127 | D:4      | Found a shimmering blue altar of Sif Muna.
  4174 | D:4      | Reached XP level 6. HP: 32/32 MP: 10/10
  4966 | D:4      | Reached skill level 5 in Conjurations
  4974 | D:4      | Reached skill level 6 in Earth Magic
  5039 | D:4      | Reached XP level 7. HP: 36/36 MP: 11/11
  5194 | D:5      | Entered Level 5 of the Dungeon
  5579 | D:5      | Reached skill level 7 in Earth Magic
  5585 | D:5      | Learned a level 2 spell: Passwall
  5767 | D:5      | Reached XP level 8. HP: 41/41 MP: 12/12
  6738 | D:6      | Reached skill level 1 in Fighting
  6752 | D:6      | Noticed Pikel
  7042 | D:5      | Killed Pikel
  7043 | D:5      | Reached skill level 5 in Spellcasting
  7051 | D:5      | Learned a level 4 spell: Petrify
  7503 | D:6      | Reached XP level 9. HP: 47/52 MP: 17/17
  7842 | D:6      | Reached skill level 8 in Earth Magic
  7850 | D:6      | Noticed Sigmund
  7931 | D:6      | Got a bone dagger
  7938 | D:6      | Reached skill level 5 in Fighting
  7948 | D:6      | Noticed Blork the orc
  7956 | D:6      | Killed Blork the orc
  8181 | D:6      | Found a staircase to the Ecumenical Temple.
  8191 | Temple   | Entered the Ecumenical Temple
  8204 | Temple   | Became a worshipper of Vehumet
  8430 | D:7      | Found a radiant altar of Vehumet.
  8948 | D:7      | Reached skill level 9 in Earth Magic
  9404 | D:7      | Reached skill level 1 in Transmutations
 10326 | D:8      | Reached XP level 10. HP: 61/61 MP: 18/18
 10333 | D:8      | Noticed Maurice
 10350 | D:8      | Reached * piety under Vehumet
 10350 | D:8      | Offered knowledge of Magic Dart by Vehumet.
 11218 | D:8      | Reached skill level 10 in Earth Magic
 11504 | D:8      | Killed Maurice
 11739 | D:8      | Learned a level 1 spell: Magic Dart
 13564 | D:8      | HP: 2/91 [yak (9)]
 13569 | D:8      | Offered knowledge of Shock by Vehumet.
 14096 | D:9      | Reached ** piety under Vehumet
 14223 | D:9      | Noticed Joseph
 14379 | D:9      | Killed Joseph
 14380 | D:9      | Reached skill level 1 in Long Blades
 14380 | D:9      | Reached XP level 11. HP: 30/66 MP: 21/21
 14579 | D:9      | Noticed a two-headed ogre
 14598 | D:9      | Killed a two-headed ogre
 14599 | D:9      | Reached skill level 11 in Earth Magic
 15115 | D:10     | Entered Level 10 of the Dungeon
 15147 | D:10     | Reached skill level 1 in Slings
 15540 | D:10     | Offered knowledge of Mephitic Cloud by Vehumet.
 15548 | D:10     | Learned a level 3 spell: Mephitic Cloud
 15786 | D:10     | Found a staircase to the Orcish Mines.
 15886 | D:10     | Reached skill level 1 in Poison Magic
 15920 | D:10     | Reached *** piety under Vehumet
 16565 | D:10     | Reached skill level 5 in Dodging
 17070 | D:10     | Found a staircase to the Lair.
 17390 | Lair:1   | Entered Level 1 of the Lair of Beasts
 17805 | Lair:1   | Offered knowledge of Fulminant Prism by Vehumet.
 17854 | Lair:1   | Learned a level 4 spell: Fulminant Prism
 18625 | Lair:1   | Noticed an oklob plant
 18625 | Lair:1   | Noticed an oklob plant
 18780 | Lair:1   | Reached XP level 12. HP: 73/73 MP: 16/24
 19503 | Lair:1   | Reached skill level 1 in Evocations
 19729 | Lair:2   | Got a heavily runed helmet
 19732 | Lair:2   | Identified the cursed +0 helmet "Ilaner" {*Slow +Fly rElec}
                  | (You found it on level 2 of the Lair of Beasts)
 19978 | Lair:2   | Reached **** piety under Vehumet
 20318 | Lair:2   | Noticed an eight-headed hydra
 20836 | Lair:2   | Noticed an eight-headed hydra
 21502 | Lair:1   | Reached skill level 1 in Armour
 21674 | Lair:3   | Noticed a boulder beetle
 21674 | Lair:3   | Noticed an eight-headed hydra
 21709 | Lair:2   | Killed an eight-headed hydra
 22037 | Lair:3   | Noticed a five-headed hydra
 22047 | Lair:3   | Killed a five-headed hydra
 22058 | Lair:3   | Noticed a death yak
 22059 | Lair:3   | Noticed a death yak
 22060 | Lair:3   | Noticed a death yak
 22062 | Lair:3   | Got a faintly glowing silver ring
 22064 | Lair:3   | Noticed a death yak
 22064 | Lair:3   | Noticed a death yak
 22392 | Lair:2   | Killed a death yak
 22659 | Lair:2   | Killed an eight-headed hydra
 22662 | Lair:2   | Reached skill level 12 in Earth Magic
 22913 | Lair:1   | Identified a scroll of acquirement
 22913 | Lair:1   | Acquired a book of Necromancy
 23427 | Lair:1   | Killed a death yak
 23428 | Lair:1   | Reached skill level 1 in Maces & Flails
 23428 | Lair:1   | Reached skill level 1 in Hexes
 23540 | Lair:1   | Learned a level 1 spell: Animate Skeleton
 23720 | Lair:4   | Reached XP level 13. HP: 9/81 MP: 26/26
 23803 | Lair:4   | Reached skill level 1 in Necromancy
 24605 | Lair:4   | Got a translucent long sword
 24886 | Lair:4   | Reached skill level 10 in Fighting
 25341 | Lair:4   | Offered knowledge of Lightning Bolt by Vehumet.
 25845 | Lair:4   | Found a hole to the Spider Nest.
 27812 | Lair:5   | Identified the +2 long sword of Muicoaq {freeze, rElec rF+
                  | Dex-2} (You found it on level 4 of the Lair of Beasts)
 27813 | Lair:5   | Identified the ring "Ficeug" {rC+ Stlth-} (You found it on
                  | level 3 of the Lair of Beasts)
 27918 | Lair:6   | Entered Level 6 of the Lair of Beasts
 27922 | Lair:6   | Found a viscous altar of Jiyva.
 27922 | Lair:6   | Found a staircase to the Slime Pits.
 28144 | Lair:5   | Learned a level 5 spell: Lightning Bolt
 28226 | Lair:5   | Reached skill level 1 in Shields
 28894 | Lair:5   | Reached skill level 1 in Air Magic
 30378 | Spider:1 | Entered Level 1 of the Spider Nest
 31096 | Lair:4   | HP: 1/84 [death yak (13)]
 31103 | Lair:4   | Mangled by a death yak

Illustrated notes

Levels and vault maps discovered:
D:1:      minmay_arrival_jagged, layout_loops_ring,
          wander_ebering_terrifying_dragon_lair
D:2:      layout_rooms, grunt_temple_overflow_open, serial_co_window_serial,
          co_window_paths_a, co_window_corner_a, co_window_paths_a,
          co_window_corner_a, co_window_paths_b, co_window_paths_b,
          co_window_corner_a, co_window_2corner, co_window_cross_2,
          co_window_broadway_a, co_window_of_opportunity_b,
          co_window_broadway_b, co_window_cross_2, co_window_2corner,
          glass_columns_a, glass_columns_c, glass_columns_a, glass_columns_b,
          glass_columns_b
D:3:      layout_basic, lemuel_doored_altar, gup_sewer_entry_bubbles
D:4:      layout_loops_corners, nicolae_overflow_hidden_temple, uniq_edmund
D:5:      layout_basic
D:6:      layout_basic, minmay_temple_entry_poolview, uniq_pikel,
          uniq_blork_the_orc, uniq_sigmund
D:7:      layout_loops_cross, vehumet_altar_wand_db
D:8:      layout_gridville, uniq_maurice
D:9:      layout_gridville, minmay_misc_feat_nine_boxes, uniq_joseph
D:10:     layout_small_grid, grunt_lair_entry_orc_guard_hut, david_orc_1_choice,
          chequers_serial_rivers_room_b
Temple:   dshaligram_water_room_temple
Lair:1:   layout_cellular_growth, minmay_lair_oklob_chamber
Lair:2:   layout_regular_city, palyth_hydra_swamp_entry, enter_volcano_4,
          fungi_pond_lemuel
Lair:3:   layout_cave_shapes, grunt_forest_small_clearings, lemuel_fruit_tree,
          serial_bayou_shore_a
Lair:4:   layout_cave_shapes, spider_nest_entry_funnel_web,
          portal_ice_cave_entry_pillars_1
Lair:5:   layout_hall_layers, gauntlet_entry_generic, grunt_megastairs_4
Lair:6:   due_jungle_book, layout_cave_shapes, slime_altar_1, ice2_lemuel,
          uniq_urug
Spider:1: layout_chambers, drop_trap

Skill      XL: |  1  2  3  4  5  6  7  8  9 10 11 12 13 |
---------------+----------------------------------------+-----
Earth Magic    | 4 5 6 7 9 10 11 12 | 12.6
Conjurations   | 1 2 3 5 7 9 |  9.4
Spellcasting   | 3 5 7 8 9 |  9.4
Fighting       | 3 6 7 9 11 | 11.0
Transmutations | 1 4 |  4.4
Dodging        | 2 4 5 |  5.6
Long Blades    | 1 3 |  3.9
Slings         | 2 |  2.8
Poison Magic   | 2 |  2.1
Evocations     | 2 |  2.1
Armour         | 3 |  3.1
Maces & Flails | 1 |  1.4
Hexes          | 1 |  1.0
Necromancy     | 3 |  3.0
Shields        | 1 |  1.6
Air Magic      | 1 |  1.5
Short Blades   | |  0.2
Stealth        | |  2.1

Action                   |  1- 3 |  4- 6 |  7- 9 | 10-12 | 13-15 || total
-------------------------+-------+-------+-------+-------+-------++-------
Melee: Club              |     8 |       |       |       |       ||     8
       Dagger            |   111 |   144 |    71 |       |    81 ||   407
       Whip              |       |       |   152 |       |       ||   152
       Long sword        |       |       |       |    19 |     1 ||    20
       Scimitar          |       |       |       |   118 |     2 ||   120
       Flail             |       |       |       |     1 |    81 ||    82
 Cast: Sandblast         |    27 |    42 |   100 |   116 |    54 ||   339
       Stone Arrow       |       |     6 |    51 |   187 |    51 ||   295
       Lee's Rapid Decon |       |       |     2 |    76 |    20 ||    98
       Petrify           |       |       |     2 |    29 |    24 ||    55
       Magic Dart        |       |       |       |     6 |       ||     6
       Mephitic Cloud    |       |       |       |     5 |     6 ||    11
       Fulminant Prism   |       |       |       |    12 |    20 ||    32
       Animate Skeleton  |       |       |       |       |     2 ||     2
       Lightning Bolt    |       |       |       |       |     1 ||     1
Evoke: Wand              |       |     6 |       |    15 |     3 ||    24
  Use: Scroll            |     4 |     7 |     7 |    21 |     7 ||    46
       Potion            |       |     2 |       |     3 |     5 ||    10
 Stab: Sleeping          |       |     1 |     2 |       |       ||     3
       Petrified         |       |       |       |       |     6 ||     6
Armor: Robe              |    39 |    44 |   109 |    29 |       ||   221
       Skin              |       |       |       |    14 |       ||    14
       Ring mail         |       |       |       |   146 |   155 ||   301
Dodge: Dodged            |    71 |    75 |   169 |   222 |   149 ||   686
Block: Other             |     5 |    30 |    73 |   111 |    62 ||   281
       Reflection        |       |     4 |     1 |     1 |       ||     6
       Rpst.: Long sword |       |       |       |    16 |     1 ||    17
       Scimitar          |       |       |       |    34 |     3 ||    37
